 Dungeon Crawl Stone Soup version 0.30.0-13-g156ef70053 (webtiles) character file.

Game seed: 9160423826428623931

1642 retardedninja the Magician (level 8, 0/60 HPs)
             Began as a Gnoll Fire Elementalist on May 17, 2023.
             Was a Follower of Cheibriados.
             Slain by a black bear (5 damage)
             ... on level 6 of the Dungeon.
             The game lasted 00:08:13 (6927 turns).

retardedninja the Magician (GnFE)                   Turns: 6927, Time: 00:08:14

Health: 0/60       AC:  4    Str: 10    XL:     8   Next: 99%
Magic:  2/17       EV: 15    Int: 22    God:    Cheibriados [*.....]
Gold:   250        SH:  0    Dex: 16    Spells: 16/19 levels left

rFire   . . .        v - +1 mace of Doom {flame, rN+ Will+ Int+2}
rCold   . . .        (no shield)
rNeg    + . .        w - +0 robe {Will+}
rPois   .            (no helmet)
rElec   .            u - +0 cloak
rCorr   .            k - +0 pair of gloves
SInv    .            (no boots)
Will    +++..        (no amulet)
Stlth   +++          d - ring of flight
HPRegen 0.30/turn    f - ring of willpower
MPRegen 0.15/turn

%: no passive effects
@: flying, very slow
A: fangs 1, strong nose, distributed training
a: Renounce Religion, Bend Time


You were on level 6 of the Dungeon.
You worshipped Cheibriados.
Cheibriados was aware of your devotion.
You visited 1 branch of the dungeon, and saw 6 of its levels.

You collected 250 gold pieces.

Inventory:

Hand Weapons
 v - the +1 mace of Doom (weapon) {flame, rN+ Will+ Int+2}
   (You found it on level 4 of the Dungeon)

   Int:       It affects your intelligence (+2).
   rN:        It protects you from negative energy.
   Will:      It increases your willpower.
Armour
 k - a +0 pair of gloves (worn)
 u - a +0 cloak (worn)
 w - a +0 robe of willpower (worn)
 z - a +0 pair of boots
Jewellery
 a - a ring of protection from fire
 d - a ring of flight (left hand)
 f - a ring of willpower (right hand)
Scrolls
 g - 5 scrolls of identify {unknown}
 j - 2 scrolls of silence {unknown}
 m - a scroll of fog {unknown}
 n - a scroll of amnesia {unknown}
 o - 4 scrolls of teleportation {unknown}
 q - 2 scrolls of enchant weapon {unknown}
 s - 2 scrolls of brand weapon {unknown}
 t - a scroll of fear {unknown}
 x - a scroll of immolation {unknown}
 y - a scroll of noise {unknown}
Potions
 b - a potion of magic
 c - 4 potions of brilliance {unknown}
 e - 2 potions of haste {unknown}
 h - 4 potions of attraction {unknown}
 i - 2 potions of heal wounds {unknown}
 l - a potion of flight {unknown}
 r - 2 potions of mutation {unknown}


   Skills:
 + Level 3.9 Fighting
 + Level 3.9 Short Blades
 + Level 3.9 Long Blades
 + Level 3.9 Axes
 + Level 3.9 Maces & Flails
 + Level 3.9 Polearms
 + Level 3.9 Staves
 + Level 3.9 Ranged Weapons
 + Level 3.9 Throwing
 + Level 3.9 Armour
 + Level 6.1 Dodging
 + Level 5.8 Stealth
 + Level 3.9 Shields
 + Level 3.9 Unarmed Combat
 + Level 6.4 Spellcasting
 + Level 3.9 Conjurations
 + Level 3.2 Hexes
 + Level 3.2 Summonings
 + Level 3.2 Necromancy
 + Level 3.2 Translocations
 + Level 3.2 Transmutations
 + Level 6.4 Fire Magic
 + Level 3.2 Ice Magic
 + Level 3.2 Air Magic
 + Level 3.2 Earth Magic
 + Level 3.2 Poison Magic
 + Level 4.3 Invocations
 + Level 3.9 Evocations


You had 16 spell levels left.
You knew the following spells:

 Your Spells              Type           Power      Damage    Failure   Level
a - Foxfire               Conj/Fire      100%       2x1d9     1%          1
b - Scorch                Fire           70%        2d8       1%          2

Your spell library contained the following spells:

 Spells                   Type           Power      Damage    Failure   Level
 Apportation              Tloc           42%        N/A       2%          1
 Inner Flame              Hex/Fire       28%        N/A       3%          3
 Volatile Blastmotes      Fire/Tloc      56%        2d14      3%          3
 Call Canine Familiar     Summ           21%        N/A       7%          3
 Portal Projectile        Hex/Tloc       42%        N/A       7%          3
 Flame Wave               Conj/Fire      29%        2d9       11%         4
 Leda's Liquefaction      Hex/Erth       10%        N/A       24%         4
 Alistair's Intoxication  Tmut/Pois      14%        N/A       54%         5


Dungeon Overview and Level Annotations

Branches:
Dungeon (6/15)
 Temple: D:4-7

Altars:
Cheibriados
Dithmenos
Hepliaklqana
Nemelex Xobeh
Qazlal
Ru
Trog
Yredelemnul

Shops:
D:4 [


Innate Abilities, Weirdness & Mutations

You have very sharp teeth.
Your uncanny sense of smell can sniff out nearby items.
Your experience applies equally to all skills.


Message History

Confirm with . or Enter, or press ? or * to list all spells.
Flames lash the black bear.
The black bear is heavily wounded.
The black bear's fire resistance burns away.
You hear a shout!
The orc wizard hits you with the +7 staff of the Meek {protect, meekguard}!
The black bear bites you.
* * * LOW HITPOINT WARNING * * *
The black bear closely misses you. The black bear claws you.
* * * LOW HITPOINT WARNING * * *
Casting: Scorch (safe; 1% risk of failure)
Confirm with . or Enter, or press ? or * to list all spells.
Flames lash the orc wizard.
You kill the orc wizard!
Cheibriados thoroughly appreciates the change of pace.
The black bear bites you!
* * * LOW HITPOINT WARNING * * *
The black bear claws you.
* * * LOW HITPOINT WARNING * * *
The black bear claws you.
* * * LOW HITPOINT WARNING * * *
You feel better.
The black bear bites you but does no damage.
The black bear closely misses you. The black bear claws you.
* * * LOW HITPOINT WARNING * * *
The orc misses you.
Casting: Scorch (safe; 1% risk of failure)
Confirm with . or Enter, or press ? or * to list all spells.
Flames lash the black bear.
The black bear is burned terribly!
The black bear is almost dead.
The black bear goes berserk!
The orc hits you with a +0 club.
* * * LOW HITPOINT WARNING * * *
Unknown command.
Casting: Scorch (safe; 1% risk of failure)
Confirm with . or Enter, or press ? or * to list all spells.
Flames lash the orc.
You kill the orc!
Cheibriados appreciates the change of pace.
The black bear barely misses you. The black bear claws you.
You die...

#.###.##
#.##...##.# .#
#.......#.. .#
#.##...##.#..
#.###.## .#.#
#.# #.# ...#
#.###)## ...
#.##.).##)##.#
#......@)[.$.#
#.##...#h.#....#
#...#.###.# #.#
#.###..# ...
#... .#.# ∆ #...
?#.# ..## .. .
... .. ..


You could see a black bear (berserk, combustible).

Vanquished Creatures
  Sigmund (D:4)
  Menkaure (D:4)
  Edmund (D:6)
  A water moccasin (D:6)
  A black bear (D:5)
  A kobold brigand (D:6)
  Blork the orc (D:4)
  4 scorpions
  3 wights (D:6)
  2 hounds
  2 jellies (D:5)
  An orc priest (D:6)
  A sleepcap (D:6)
  4 orc wizards
  6 gnolls
  8 adders
  5 worms
  3 dart slugs
  13 orcs
  4 ball pythons
  5 bats
  An endoplasm (D:1)
  3 giant cockroaches
  11 goblins
  4 hobgoblins
  3 jackals (D:1)
  12 kobolds
  3 quokkas (D:1)
  6 frilled lizards
  9 rats
120 creatures vanquished.

Vanquished Creatures (collateral kills)
  21 foxfires
21 creatures vanquished.

Vanquished Creatures (others)
  358 foxfires
358 creatures vanquished.

Grand Total: 499 creatures vanquished

Notes
Turn   | Place    | Note
-------+----------+-------------------------------------------
     0 | D:1      | retardedninja the Gnoll Fire Elementalist began the quest
                  | for the Orb.
     0 | D:1      | Reached XP level 1. HP: 13/13 MP: 6/6
    97 | D:1      | Reached XP level 2. HP: 14/19 MP: 0/7
   542 | D:1      | Reached skill level 5 in Spellcasting
   542 | D:1      | Reached XP level 3. HP: 25/25 MP: 1/9
  1199 | D:2      | Reached skill level 1 in Invocations
  1271 | D:2      | Found a sacrificial altar of Ru.
  1351 | D:2      | Reached skill level 1 in Fighting
  1351 | D:2      | Reached skill level 1 in Short Blades
  1351 | D:2      | Reached skill level 1 in Long Blades
  1351 | D:2      | Reached skill level 1 in Axes
  1351 | D:2      | Reached skill level 1 in Maces & Flails
  1351 | D:2      | Reached skill level 1 in Polearms
  1351 | D:2      | Reached skill level 1 in Staves
  1351 | D:2      | Reached skill level 1 in Ranged Weapons
  1351 | D:2      | Reached skill level 1 in Throwing
  1351 | D:2      | Reached skill level 1 in Armour
  1351 | D:2      | Reached skill level 1 in Shields
  1351 | D:2      | Reached skill level 1 in Unarmed Combat
  1351 | D:2      | Reached skill level 1 in Evocations
  1562 | D:1      | Learned a level 2 spell: Scorch
  1566 | D:2      | Reached XP level 4. HP: 32/32 MP: 6/11
  1821 | D:2      | Reached skill level 1 in Hexes
  1821 | D:2      | Reached skill level 1 in Summonings
  1821 | D:2      | Reached skill level 1 in Necromancy
  1821 | D:2      | Reached skill level 1 in Translocations
  1821 | D:2      | Reached skill level 1 in Transmutations
  1821 | D:2      | Reached skill level 1 in Ice Magic
  1821 | D:2      | Reached skill level 1 in Air Magic
  1821 | D:2      | Reached skill level 1 in Earth Magic
  1821 | D:2      | Reached skill level 1 in Poison Magic
  2270 | D:3      | Found a hazy altar of Hepliaklqana.
  2270 | D:3      | Found a sparkling altar of Nemelex Xobeh.
  2571 | D:3      | Found a faded altar of an unknown god.
  2647 | D:3      | Reached XP level 5. HP: 18/37 MP: 8/12
  3334 | D:4      | Noticed Sigmund
  3539 | D:4      | Killed Sigmund
  3540 | D:4      | Reached skill level 5 in Dodging
  3540 | D:4      | Reached XP level 6. HP: 36/44 MP: 8/14
  3617 | D:4      | Found a basalt altar of Yredelemnul.
  3813 | D:4      | Found a shadowy altar of Dithmenos.
  3854 | D:4      | Noticed Menkaure
  3863 | D:4      | Killed Menkaure
  3864 | D:4      | Reached XP level 7. HP: 51/51 MP: 11/15
  4014 | D:4      | Identified the +1 mace of Doom {flame, rN+ Will+ Int+2}
  4019 | D:4      | Found Capp's Armour Boutique.
  4134 | D:4      | Noticed Blork the orc
  4139 | D:4      | Killed Blork the orc
  4140 | D:4      | Reached skill level 5 in Stealth
  4330 | D:4      | Found a stormy altar of Qazlal.
  4416 | D:4      | Found a snail-covered altar of Cheibriados.
  4420 | D:4      | Became a worshipper of Cheibriados the Contemplative
  4436 | D:5      | Entered Level 5 of the Dungeon
  5453 | D:5      | Reached XP level 8. HP: 51/58 MP: 11/16
  5574 | D:5      | Noticed a moth of wrath
  5790 | D:5      | Found a bloodstained altar of Trog.
  5880 | D:6      | Reached * piety under Cheibriados
  6851 | D:6      | Noticed Edmund
  6864 | D:6      | Killed Edmund
  6924 | D:6      | HP: 3/60 [black bear (2)]
  6927 | D:6      | Slain by a black bear

Illustrated notes

Levels and vault maps discovered:
D:1:      dpeg_arrival_court, layout_basic, st_stairs_2,
          hangedman_feature_mirror, serial_bayou_lagoon_a, minmay_box_of_dots
D:2:      layout_loops_ring, basic_altar, hangedman_decor_growths,
          grunt_ministairs_15
D:3:      layout_basic, mainiacjoe_overflow_large_starburst,
          shapermc_ecumenical_altar_gd
D:4:      layout_rooms, kennysheep_slug_shrine, nicolae_qazlal_eye_of_the_storm,
          overflow_temple_1_default, mainiacjoe_overflow_boulevard,
          skrybe_limestone_x, serial_park_tiny_pond, kennysheep_small_circle,
          uniq_blork_the_orc, uniq_menkaure, uniq_sigmund
D:5:      layout_loops_corners, tgw_trog, minmay_misc_feat_nine_boxes,
          kennysheep_generic_room_13
D:6:      layout_loops_ring, minmay_temple_entry_ruins, uniq_edmund

Skill      XL: |  1  2  3  4  5  6  7  8 |
---------------+-------------------------+-----
Conjurations   | 2 3 |  3.9
Spellcasting   | 5 6 |  6.4
Invocations    | 1 2 3 4 |  4.3
Fighting       | 1 2 3 |  3.9
Short Blades   | 1 2 3 |  3.9
Long Blades    | 1 2 3 |  3.9
Axes           | 1 2 3 |  3.9
Maces & Flails | 1 2 3 |  3.9
Polearms       | 1 2 3 |  3.9
Staves         | 1 2 3 |  3.9
Ranged Weapons | 1 2 3 |  3.9
Throwing       | 1 2 3 |  3.9
Armour         | 1 2 3 |  3.9
Shields        | 1 2 3 |  3.9
Unarmed Combat | 1 2 3 |  3.9
Evocations     | 1 2 3 |  3.9
Hexes          | 1 2 3 |  3.2
Summonings     | 1 2 3 |  3.2
Necromancy     | 1 2 3 |  3.2
Translocations | 1 2 3 |  3.2
Transmutations | 1 2 3 |  3.2
Ice Magic      | 1 2 3 |  3.2
Air Magic      | 1 2 3 |  3.2
Earth Magic    | 1 2 3 |  3.2
Poison Magic   | 1 2 3 |  3.2
Dodging        | 5 6 |  6.1
Stealth        | 5 |  5.8
Fire Magic     | 6 |  6.4

Action                     |  1- 3 |  4- 6 |  7- 9 || total
---------------------------+-------+-------+-------++-------
  Melee: Unarmed           |    11 |       |       ||    11
         Bite              |     1 |       |     3 ||     4
         Mace              |       |       |     9 ||     9
   Cast: Foxfire           |    72 |    77 |    83 ||   232
         Scorch            |     2 |    18 |    59 ||    79
    Use: Potion            |       |       |     1 ||     1
   Stab: Sleeping          |       |       |     1 ||     1
 Armour: Robe              |     6 |     3 |    13 ||    22
  Dodge: Dodged            |    26 |    42 |    71 ||   139
